 Dungeon Crawl Stone Soup version 0.31.0-9-g3a7656b989 (webtiles) character file.

Game seed: 15000169908905356049

690 qw the Nimble (level 7, -3/35 HPs)
             Began as a Spriggan Hunter on Feb 2, 2024.
             Slain by an orc
             ... wielding a +0 mace
              (4 damage)
             ... on level 5 of the Dungeon.
             The game lasted 00:00:16 (3433 turns).

qw the Nimble (Spriggan Hunter)                     Turns: 3433, Time: 00:00:17

Health: -3/35      AC:  4    Str:  7    XL:     7   Next: 36%
Magic:  8/8        EV: 26    Int: 10    God:
Gold:   206        SH:  0    Dex: 27    Spells: 6/6 levels left

rFire   . . .        a - +1 shortbow
rCold   . . .        (shield currently unavailable)
rNeg    . . .        l - +2 robe
rPois   .            (helmet restricted)
rElec   .            (no cloak)
rCorr   .            (gloves unavailable)
SInv    +            (boots unavailable)
Will    +....        (no amulet)
Stlth   +++          j - +6 ring of dexterity
HPRegen 0.25/turn    (no ring)
MPRegen 0.11/turn

%: no passive effects
@: very quick
A: very small, no large weapons, unfitting armour, see invisible, speed 3
a: no special abilities


You were on level 5 of the Dungeon.
You visited 1 branch of the dungeon, and saw 5 of its levels.

You collected 206 gold pieces.


Innate Abilities, Weirdness & Mutations

You are very small and have problems with some larger weapons.
You are too small for most types of armour.
You have supernaturally acute eyesight. (SInv)
You cover ground extremely quickly. (Speed+++)


   Skills:
 - Level 2.1 Fighting
 + Level 6.7 Ranged Weapons
 - Level 8.1 Dodging
 - Level 1.5 Stealth


You had 6 spell levels left.
You didn't know any spells.
Your spell library was empty.

Inventory:

Hand Weapons
 a - a +1 shortbow (weapon)
Armour
 l - a +2 robe (worn)
Jewellery
 j - a +6 ring of dexterity (left hand)
Potions
 b - a potion of enlightenment {unknown}
 c - a potion of lignification {unknown}
 d - 4 potions of curing
 e - a potion of might {unknown}
 f - a potion of resistance
 g - a potion of mutation {unknown}
 m - a potion of haste {unknown}

Dungeon Overview and Level Annotations

Branches:
Dungeon (5/15)
 Temple: D:4-7

Altars:
Makhleb
The Shining One

Shops:
D:2 =

Annotations:
D:2 1 runed translucent door, Crazy Yiuf


Message History

The orc wizard points at you and mumbles some strange words.
The puff of flame hits you!
You shoot an arrow. The arrow hits the orc wizard.
The orc wizard is almost dead.
The orc completely misses you. The orc wizard hits you with a +0 mace.
You shoot an arrow. The arrow barely misses the orc wizard.
The orc completely misses you. The orc wizard misses you.
You shoot an arrow. The arrow hits the orc wizard.
You kill the orc wizard!
The orc completely misses you.
You shoot an arrow. The arrow barely misses the phantom.
The orc closely misses you. The phantom completely misses you.
You shoot an arrow. The arrow closely misses the phantom.
The orc closely misses you. The phantom barely misses you.
You shoot an arrow.
The arrow hits the phantom but does no damage.
The orc hits you with a +0 mace. The phantom hits you.
You shoot an arrow. The arrow hits the phantom!
The phantom is moderately damaged.
The orc completely misses you. The phantom completely misses you.
You shoot an arrow. The arrow hits the phantom.
The phantom is heavily damaged.
The orc completely misses you. The phantom hits you.
The phantom blinks!
You blink.
The orc priest completely misses you.
You shoot an arrow. The arrow hits the phantom.
The phantom is severely damaged.
The orc misses you. The phantom closely misses you.
The orc priest completely misses you.
You shoot an arrow.
The arrow completely misses the phantom.
The phantom closely misses you. The orc closely misses you.
The orc priest misses you.
You shoot an arrow. The arrow hits the phantom!
The phantom is almost destroyed.
The orc hits you with a +0 mace. The phantom completely misses you.
The orc priest miscasts a cantrip.
You shoot an arrow. The arrow hits the phantom.
The phantom is almost destroyed.
The phantom completely misses you. The orc hits you with a +0 mace.
You die...

#.# #...)###.. . ####
##.####.....#.##.. .
##..###....##.o.........
..##.....#....###.#.....#
.....<......#..###.%....#
...........##..##.......#
....##..........#B#........
##....#........oWo#........
##..###......##@##).......
.... #.....#####........#
.... #..#....# .......##
...# #...##..# ........ ...
....# #..# ...#..# .##..#
...# . #... .... ... ...(.


You could see a phantom, a bombardier beetle, an orc priest and an orc.

Vanquished Creatures
  A black bear (D:4)
  A scorpion (D:4)
  3 iron imps (D:3)
  Jessica (D:2)
  Terence (D:2)
  An iguana (D:5)
  4 orc wizards
  2 sleepcaps (D:4)
  10 adders
  4 ribbon worms
  15 orcs
  4 bats (D:2)
  7 endoplasms
  5 giant cockroaches
  18 goblins
  13 hobgoblins
  5 quokkas
  6 ball pythons
  5 frilled lizards
  8 kobolds
  8 rats
122 creatures vanquished.

Notes
Turn   | Place    | Note
-------+----------+-------------------------------------------
     0 | D:1      | qw the Spriggan Hunter began the quest for the Orb.
     0 | D:1      | Reached XP level 1. HP: 10/10 MP: 2/2
     0 | D:1      | 0 ||| qw: Version: 0.3-a-155-g5e7d8dd
     0 | D:1      | 0 ||| qw: Game counter: 974
     0 | D:1      | 0 ||| qw: Melee chars always use a shield: true
     0 | D:1      | 0 ||| qw: God list: Okawaru
     0 | D:1      | 0 ||| qw: Allow faded altars: false
     0 | D:1      | 0 ||| qw: Do Orc after clearing Dungeon:15 true
     0 | D:1      | 0 ||| qw: Do second Lair branch before Depths: true
     0 | D:1      | 0 ||| qw: Lair rune preference: random
     0 | D:1      | 0 ||| qw: Goals: Normal
     0 | D:1      | 0 ||| PLANNING D:1-11
    48 | D:1      | Reached skill level 3 in Dodging
   132 | D:1      | Reached XP level 2. HP: 7/14 MP: 3/3
   295 | D:1      | Reached skill level 4 in Dodging
   792 | D:1      | 792 ||| READING scroll labelled OGU SAOMMEARPH.
   792 | D:1      | 792 ||| IDENTIFYING fuming red potion
   793 | D:1      | 793 ||| DROPPING scroll of butterflies.
   825 | D:2      | HP: 3/14 [poisoned by an adder]
   826 | D:2      | Reached XP level 3. HP: 4/18 MP: 4/4
  1005 | D:2      | Found a runed translucent door.
  1006 | D:2      | Noticed Crazy Yiuf
  1248 | D:2      | Found a faded altar of an unknown god.
  1294 | D:2      | Reached XP level 4. HP: 22/22 MP: 5/5
  1373 | D:2      | Noticed Terence
  1387 | D:2      | Killed Terence
  1487 | D:2      | Reached skill level 5 in Dodging
  1501 | D:2      | Noticed Jessica
  1504 | D:2      | Killed Jessica
  1505 | D:2      | Reached XP level 5. HP: 26/26 MP: 6/6
  1615 | D:2      | Found Zuci Rai's Jewellery Shop.
  1623 | D:2      | 1623 ||| SHOPLISTING +6 ring of strength (396 gold, have
                  | 100).
  1623 | D:2      | 1623 ||| SHOPLISTING amulet of guardian spirit (330 gold,
                  | have 100).
  1623 | D:2      | 1623 ||| SHOPLISTING amulet of regeneration (330 gold, have
                  | 100).
  1623 | D:2      | 1623 ||| SHOPLISTING ring "Ypaonn" {Str+6 Int+4 Stlth-}
                  | (550 gold, have 100).
  1623 | D:2      | 1623 ||| SHOPLISTING ring of protection from fire (275
                  | gold, have 100).
  1759 | D:2      | 1759 ||| UPGRADING to +2 robe.
  1769 | D:2      | 1769 ||| DROPPING +0 robe.
  1770 | D:2      | 1770 ||| UPGRADING to +6 ring of dexterity.
  1771 | D:2      | 1771 ||| READING scroll of identify.
  1771 | D:2      | 1771 ||| IDENTIFYING fuming cyan potion
  1772 | D:2      | 1772 ||| READING scroll labelled IVEUWE GAC WIO.
  1846 | D:2      | 1846 ||| READING scroll labelled SAUTIT ETSIXKY.
  1847 | D:2      | 1847 ||| READING scroll labelled TIBIAZ VUNI.
  1847 | D:2      | 1847 ||| ENCHANTING +0 shortbow.
  1848 | D:2      | 1848 ||| READING scroll labelled TAIXAVV WIENWETZY.
  1896 | D:2      | 1896 ||| DRINKING 2 sedimented brown potions.
  1897 | D:2      | 1897 ||| DROPPING potion of invisibility.
  2017 | D:3      | Reached skill level 6 in Dodging
  2153 | D:3      | Found a burning altar of Makhleb.
  2165 | D:3      | Reached XP level 6. HP: 30/30 MP: 7/7
  2250 | D:3      | Reached skill level 6 in Ranged Weapons
  2696 | D:3      | 2696 ||| READING scroll labelled ZEUFIN NAKHLUG.
  2697 | D:3      | 2697 ||| READING 3 scrolls labelled BABOBROSIC.
  2698 | D:3      | 2698 ||| DROPPING 2 scrolls of amnesia.
  2836 | D:4      | 2836 ||| FLEEEEING.
  2881 | D:4      | Reached skill level 7 in Dodging
  2917 | D:4      | 2917 ||| RETREEEEATING.
  2918 | D:4      | 2918 ||| RETREEEEATING.
  2919 | D:4      | 2919 ||| RETREEEEATING.
  2920 | D:4      | 2920 ||| RETREEEEATING.
  2921 | D:4      | 2921 ||| RETREEEEATING.
  2922 | D:4      | 2922 ||| RETREEEEATING.
  2923 | D:4      | 2923 ||| RETREEEEATING.
  2924 | D:4      | 2924 ||| RETREEEEATING.
  2925 | D:4      | 2925 ||| RETREEEEATING.
  2926 | D:4      | 2926 ||| RETREEEEATING.
  2927 | D:4      | 2927 ||| RETREEEEATING.
  2933 | D:4      | HP: 3/30 [black bear (8)]
  2935 | D:4      | Reached XP level 7. HP: 3/35 MP: 8/8
  3139 | D:4      | Found a glowing golden altar of the Shining One.
  3214 | D:4      | Reached skill level 8 in Dodging
  3372 | D:4      | 3372 ||| READING scroll labelled GAGUW HUNUBICA.
  3372 | D:4      | 3372 ||| ENCHANTING +1 shortbow.
  3377 | D:5      | Entered Level 5 of the Dungeon
  3410 | D:5      | 3410 ||| RETREEEEATING.
  3412 | D:5      | 3412 ||| RETREEEEATING.
  3413 | D:5      | 3413 ||| FLEEEEING.
  3414 | D:5      | 3414 ||| FLEEEEING.
  3422 | D:5      | HP: 8/35 [orc wizard/+0 mace (3)]
  3427 | D:5      | HP: 8/35 [orc/+0 mace (2)]
  3432 | D:5      | HP: 1/35 [orc/+0 mace (6)]
  3433 | D:5      | Slain by an orc

Levels and vault maps discovered:
D:1:      wander_arrival_estate, layout_basic, serial_co_window_serial,
          co_window_of_opportunity_a, co_window_paths_b, co_window_corner_a,
          co_window_corner_a, co_window_paths_a, co_window_of_opportunity_a,
          co_window_paths_b, co_window_broadway_c, co_window_of_opportunity_b,
          co_window_corner_cb, co_window_broadway_a, glass_columns_b,
          glass_columns_a, glass_columns_a, glass_columns_a, glass_columns_a
D:2:      minmay_alternating_diamond, layout_basic,
          ebering_ecumenical_altar_webs, serial_shops, shop, st_stairs_13,
          amcnicky_mini_rare_corridor_liquid, hex_tiny, hex_large,
          kennysheep_nub, minmay_tall_x, uniq_jessica, uniq_crazy_yiuf_cottage,
          uniq_terence
D:3:      cheibrodos_greedy_goblins, layout_rooms, demons_altar
D:4:      layout_rooms, nicolae_tso_carved_into_rock, st_stairs_7
D:5:      layout_cave_pools

Skill      XL: |  1  2  3  4  5  6  7 |
---------------+----------------------+-----
Dodging        | 3 4 5 6 7 8 |  8.1
Ranged Weapons | 5 6 |  6.7
Fighting       | 2 |  2.1
Stealth        | |  1.5

Action                     |  1- 3 |  4- 6 |  7- 9 || total
---------------------------+-------+-------+-------++-------
   Fire: Shortbow          |   100 |   249 |    57 ||   406
    Use: Scroll            |     1 |     7 |     1 ||     9
         Potion            |       |     1 |       ||     1
 Armour: Robe              |    12 |    38 |    10 ||    60
  Dodge: Dodged            |    34 |   116 |    27 ||   177

Table legend:
 A = Non-vault XP
 B = Vault XP
 C = Vault XP percentage of total XP
 D = Non-vault monster count
 E = Vault monster count
 F = Vault count percentage of total count
                 A         B        C        D         E       F
            +---------+---------+-------+---------+---------+-------
      Total |     729 |     258 |  26.1 |      93 |      29 |  23.8
            +---------+---------+-------+---------+---------+-------
        D:1 |      24 |       0 |   0.0 |      17 |       0 |   0.0
        D:2 |      71 |     116 |  62.0 |      22 |      13 |  37.1
        D:3 |     127 |     140 |  52.4 |      24 |      15 |  38.5
        D:4 |     419 |       2 |   0.5 |      26 |       1 |   3.7
        D:5 |      88 |       0 |   0.0 |       4 |       0 |   0.0
            +---------+---------+-------+---------+---------+-------
